AoeStats
← Svenski

African Clearing

510569051Analyzed
2v2 RM · 16h ago on Oct 1, 2026· 42m 41s· 4 players
Game mode
Random Map
Map size
Medium (4 player)
Population
200
Speed
Normal
Resources
Standard
Victory
Conquest
Starting age
Dark Age
Ending age
Imperial Age
RankedLock teamsTeams togetherTeam positionsShared explorationLock speedFull tech treeHidden civsTurbo modeCheats
Victory
Defeat
🇺🇸 Berbers · United States
1247
+14
🇧🇪 Bulgarians · Belgium
1243
+15
🇦🇷 Khitans · Argentina
1216
-15
🇮🇹 Vietnamese · Italy
1207
-14
TheScRider
5:23 Loom
13:37 Feudal Age
15:28 Double-Bit Axe
16:20 Wheelbarrow
18:54 Castle Age
20:12 Town Watch
25:01 Crossbowman
26:05 Fletching
27:08 Sanctity
27:30 Bow Saw
28:06 Bodkin Arrow
30:29 Padded Archer Armor
30:30 Scale Mail Armor
32:29 Thumb Ring
37:24 Ballistics
40:47 Imperial Age
42:30 Chemistry
41:18 Arbalester
42:36 Leather Archer Armor
cuaiern
4:02 Loom
13:10 Feudal Age
16:57 Forging
26:52 Castle Age
26:27 Double-Bit Axe
29:56 Scale Barding Armor
30:26 Iron Casting
30:32 Iron Casting
30:58 Husbandry
32:21 Bow Saw
33:44 Scale Barding Armor
34:57 Chain Barding Armor
36:26 Gold Mining
38:08 Wheelbarrow
38:08 Domestication
Svenski
13:35 Feudal Age
14:33 Double-Bit Axe
18:15 Castle Age
16:14 Loom
19:23 Scale Barding Armor
19:38 Forging
20:49 Horse Collar
21:27 Bow Saw
21:22 Husbandry
23:10 Bloodlines
23:47 Wheelbarrow
26:26 Chain Barding Armor
26:07 Stone Mining
26:16 Gold Mining
28:50 Scale Mail Armor
29:28 Iron Casting
31:04 Gold Shaft Mining
31:56 Stirrups
32:03 Gambesons
32:18 Squires
32:04 Arson
32:12 Town Watch
32:23 Light Cavalry
35:16 Fletching
35:41 Chain Mail Armor
40:33 Imperial Age
40:48 Elite Konnik
41:49 Conscription
42:34 Plate Barding Armor
43:00 Blast Furnace
42:40 Plate Mail Armor
blazelinton
9:29 Loom
11:49 Feudal Age
17:22 Castle Age
15:33 Double-Bit Axe
18:03 Wheelbarrow
19:06 Husbandry
20:28 Bloodlines
23:24 Forging
30:14 Bow Saw
30:26 Scale Barding Armor
30:58 Iron Casting
31:17 Chain Barding Armor
33:37 Horse Collar
35:20 Hand Cart
35:24 Gold Mining
42:57 Imperial Age
Connection lost

Rejoining the realm…

Still unreachable

The connection could not be restored.

Session expired

The server has moved on; the page needs a fresh start.